Crunch vs IceHogs

Created - April 30, 2024 at 23:49

Goals
1 2 3 T
Crunch 1 3 1 5
IceHogs 1 0 1 2
Shots
1 2 3 T
Crunch 11 21 19 51
IceHogs 9 12 7 28

1st period

1. Crunch , Lias Andersson 2 (Kiefer Sherwood 2, Zachary Sanford 2) at 9:28
2. IceHogs , Grigori Denisenko 1 (Dennis Gilbert 1) at 18:43

Penalties :
Adam Klapka (RIH) for Slashing (Minor) at 1:54, Max Jones (SYR) for Roughing (Minor) at 4:36, Mikko Kokkonen (SYR) for Tripping (Minor) at 13:27, Jan Jenik (RIH) for Roughing (Minor) at 16:33

2nd period

3. Crunch , Egor Sokolov 3 (Nick Cicek 3, Simon Holmstrom 2) at 0:22
4. Crunch , Max Jones 1 (Filip Hallander 2, Nick Cicek 4) at 13:05
5. Crunch , Jesse Ylonen 1 (Filip Hallander 3) at 13:40 (PP)

Penalties :
Filip Hallander (SYR) for Cross-checking (Minor) at 0:35, Joshua Dunne (RIH) for Cross-checking (Minor) at 10:55, Jan Jenik (RIH) for Roughing (Minor) at 13:36, Adam Klapka (RIH) for Hooking (Minor) at 17:14

3rd period

6. Crunch , Cole Clayton 2 (Andreas Johnsson 2, Max Jones 1) at 13:50
7. IceHogs , Luke Evangelista 1 (Ethen Frank 1) at 15:38

Penalties :
Declan Carlile (SYR) for Tripping (Minor) at 3:26, Elliot Desnoyers (SYR) for Holding (Minor) at 6:17, Adam Klapka (RIH) for Holding (Minor) at 16:52

Goalie Stats

Charlie Lindgren (SYR), 26 saves from 28 shots - (0.929), W, 4-0-0, 60:00 minutes
Isaac Poulter (RIH), 46 saves from 51 shots - (0.902), L, 0-4-0, 60:00 minutes

Players Stats for Crunch

Player Name              G  A  P  +/- PIM S  H  SB GA TA FO     MP     PP MP  PK MP  
------------------------------------------------------------------------------------
Andreas Johnsson         0  1  1   2  0   4  0  0  0  0  1/1    11:20   1:40   0:00 
Cole Clayton             1  0  1   1  0   3  3  0  0  0  0/0    19:17   3:22   3:49 
Cooper Marody            0  0  0   2  0   4  0  1  0  0  6/15   10:23   0:00   0:00 
Declan Carlile           0  0  0   1  2   2  2  5  0  0  0/0    19:20   3:22   3:04 
Egor Sokolov             1  0  1  -1  0   5  3  0  0  0  2/4    11:41   1:40   0:00 
Elliot Desnoyers         0  0  0  -1  2   1  0  0  0  0  4/7    11:02   0:19   0:18 
Filip Hallander          0  2  2   0  2   2  0  1  0  0  12/20  15:32   4:31   0:14 
Jesse Ylonen             1  0  1   0  0   2  0  0  0  0  0/1    18:08   4:31   3:31 
Kiefer Sherwood          0  1  1   1  0   5  1  0  0  0  6/10   19:13   3:48   5:49 
Lias Andersson           1  0  1   1  0   3  1  0  0  0  13/19  15:34   3:48   1:24 
Martin Frk               0  0  0   0  0   5  2  0  0  0  3/4    18:08   4:31   3:31 
Max Jones                1  1  2   2  2   5  2  0  0  0  0/2    10:43   0:00   0:21 
Mikko Kokkonen           0  0  0   0  2   0  3  1  0  0  0/0    15:32   1:57   0:58 
Nick Albano              0  0  0   0  0   0  1  0  0  0  0/0    15:45   1:57   2:13 
Nick Cicek               0  2  2   1  0   0  0  0  0  0  0/0    23:53   4:40   4:19 
Noah Juulsen             0  0  0   1  0   1  2  3  0  0  0/0    23:54   4:40   4:20 
Simon Holmstrom          0  1  1  -1  0   3  0  0  0  0  1/1    11:22   1:21   0:00 
Zachary Sanford          0  1  1   1  0   6  0  0  0  0  1/2    19:13   3:48   5:49 

Players Stats for IceHogs

Player Name              G  A  P  +/- PIM S  H  SB GA TA FO     MP     PP MP  PK MP  
------------------------------------------------------------------------------------
Adam Klapka              0  0  0   0  6   1  4  0  0  0  0/2    11:05   0:05   0:00 
Brendan Brisson          0  0  0  -3  0   2  4  1  0  0  12/21  15:37   5:28   0:02 
Calle Rosen              0  0  0  -1  0   1  1  2  0  0  0/0    23:40   4:45   5:43 
Casey Fitzgerald         0  0  0   0  0   1  1  1  0  0  0/0    20:27   3:34   4:13 
Dennis Gilbert           0  1  1  -1  0   0  8  0  0  0  0/0    17:02   0:42   1:29 
Ethen Frank              0  1  1   1  0   0  0  0  0  0  10/18  14:02   4:27   0:00 
Gabriel Carlsson         0  0  0   0  0   1  5  0  0  0  0/0    20:39   4:23   4:13 
Grigori Denisenko        1  0  1   0  0   4  1  0  0  0  0/0    10:21   0:00   0:05 
Jan Jenik                0  0  0   0  4   1  1  0  0  0  9/15   10:14   0:00   0:00 
Jeremie Poirier          0  0  0  -1  0   0  0  2  0  0  0/0    16:07   1:50   0:03 
Joe Snively              0  0  0  -3  0   3  0  0  0  0  1/1    15:35   5:28   0:00 
Joshua Dunne             0  0  0   0  2   2  0  1  0  0  4/11   10:07   0:00   0:00 
Luke Evangelista         1  0  1   1  0   3  0  1  0  0  0/10   20:17   4:27   6:15 
Mackenzie MacEachern     0  0  0   0  0   2  0  0  0  0  0/4    13:50   0:00   3:42 
Markus Niemelainen       0  0  0  -1  0   0  3  1  0  0  0/0    21:05   4:31   4:17 
Philip Tomasino          0  0  0   1  0   2  0  0  0  0  1/2    20:14   4:27   6:12 
Pierrick Dube            0  0  0   0  0   2  0  0  0  0  0/1    10:16   0:00   0:00 
Valtteri Puustinen       0  0  0  -3  0   3  0  0  0  0  0/1    19:17   5:28   3:42 

3 Stars

1 - Max Jones (SYR)
2 - Cole Clayton (SYR)
3 - Lias Andersson (SYR)

Power Play

Crunch - 1 on 6 Attempt(s) - 16.67%
IceHogs - 0 on 5 Attempt(s) - 0.00%

Penalty Kill

Crunch - 5 on 5 Attempt(s) - 100.00% - Score 0 goal in Penalty Kill
IceHogs - 5 on 6 Attempt(s) - 83.33% - Score 0 goal in Penalty Kill

Team Stat

Crunch - Hits : 20 - Faceoff Wins : 49 - Blocked Shots : 11 - Penalty Minutes : 10
IceHogs - Hits : 28 - Faceoff Wins : 37 - Blocked Shots : 9 - Penalty Minutes : 12

Official

Referees : Wes Mccauley and Kyle Rehman
Linesman : Dan Kelly and Kilian McNamara

Game Notes

No Game Note

Finance

Level 1 -- Attendance: 2000 (100.00%) -- Ticket Income $70,000
Level 2 -- Attendance: 1000 (100.00%) -- Ticket Income $15,000
Total Attendance: 3000 (100.00%)
Total Ticket Income: $85,000
Other Income: $41,650
Total Income: $126,650

Crunch

5 vs 5 Forward 
   Center                   Left Wing                Right Wing               Time % Phy DF OF 
 1 Lias Andersson           Kiefer Sherwood          Zachary Sanford          25     1   2  2  
 2 Filip Hallander          Jesse Ylonen             Martin Frk               25     1   2  2  
 3 Cooper Marody            Andreas Johnsson         Max Jones                25     1   2  2  
 4 Elliot Desnoyers         Egor Sokolov             Simon Holmstrom          25     1   2  2  

5 vs 5 Defense 
   Defense                  Defense                                           Time % Phy DF OF 
 1 Noah Juulsen             Nick Cicek                                        25     1   2  2  
 2 Declan Carlile           Cole Clayton                                      25     1   2  2  
 3 Mikko Kokkonen           Nick Albano                                       25     1   2  2  
 4 Noah Juulsen             Nick Cicek                                        25     1   2  2  

PowerPlay Forward 
   Center                   Left Wing                Right Wing               Time % Phy DF OF 
 1 Lias Andersson           Kiefer Sherwood          Zachary Sanford          60     1   2  2  
 2 Filip Hallander          Jesse Ylonen             Martin Frk               40     1   2  2  

PowerPlay Defense
   Defense                  Defense                                           Time % Phy DF OF 
 1 Noah Juulsen             Nick Cicek                                        60     1   2  2  
 2 Declan Carlile           Cole Clayton                                      40     1   2  2  

Penalty Kill 4 Players Forward 
   Center                   Wing                     Time % Phy DF OF 
 1 Kiefer Sherwood          Zachary Sanford          60     1   2  2  
 2 Jesse Ylonen             Martin Frk               40     1   2  2  

Penalty Kill 4 Players Defense
   Defense                  Defense                  Time % Phy DF OF 
 1 Noah Juulsen             Nick Cicek               60     1   2  2  
 2 Declan Carlile           Cole Clayton             40     1   2  2  

Penalty Kill - 3 Players Forward 
   Forward                                           Time % Phy DF OF 
 1 Kiefer Sherwood                                   60     1   2  2  
 2 Zachary Sanford                                   40     1   2  2  

Penalty Kill - 3 Players Defense
   Defense                  Defense                  Time % Phy DF OF 
 1 Noah Juulsen             Nick Cicek               60     1   2  2  
 2 Declan Carlile           Cole Clayton             40     1   2  2  

4 vs 4 Forward 
   Center                   Wing                     Time % Phy DF OF 
 1 Kiefer Sherwood          Zachary Sanford          60     1   2  2  
 2 Jesse Ylonen             Martin Frk               40     1   2  2  

4 vs 4 Defense
   Defense                  Defense                  Time % Phy DF OF 
 1 Noah Juulsen             Nick Cicek               60     1   2  2  
 2 Declan Carlile           Cole Clayton             40     1   2  2  

Last Minutes Offensive
   Center                   Left Wing                Right Wing               Defense                  Defense                  
   Lias Andersson           Kiefer Sherwood          Zachary Sanford          Noah Juulsen             Nick Cicek               

Last Minutes Defensive
   Center                   Left Wing                Right Wing               Defense                  Defense                  
   Lias Andersson           Kiefer Sherwood          Zachary Sanford          Noah Juulsen             Nick Cicek               

Goaltenders
Starting : Charlie Lindgren         
Backup : Felix Sandstrom          

Extra Forwards
Normal : Andreas Johnsson, Egor Sokolov, Max Jones - PP : Andreas Johnsson, Egor Sokolov - PK : Max Jones
Extra Defensemen
Normal : Mikko Kokkonen, Nick Albano, Declan Carlile - PP : Mikko Kokkonen - PK : Nick Albano, Declan Carlile
Penalty Shots
Kiefer Sherwood, Zachary Sanford, Jesse Ylonen, Martin Frk, Lias Andersson
Custom OT Lines Forwards
Kiefer Sherwood, Zachary Sanford, Jesse Ylonen, Martin Frk, Lias Andersson, Andreas Johnsson, Egor Sokolov, Max Jones, Filip Hallander, Cooper Marody
Custom OT Lines Defensemen
Noah Juulsen, Nick Cicek, Declan Carlile, Cole Clayton, Mikko Kokkonen

Scratches
William Dufour (Healthy), Xavier Bourgault (Healthy), Brandon Coe (Healthy), Tuukka Tieksola (Healthy), Nicolas Aube-Kubel (Healthy)
Zayde Wisdom (Healthy), Noel Gunler (Healthy), Keegan Kolesar (Healthy), Fredrik Olofsson (Healthy), Ben Meyers (Healthy)
Colin White (Healthy), Andrew Perrott (Healthy), Alex Beaucage (Healthy), Ty Ronning (Healthy), Jiri Patera (Healthy)

IceHogs

5 vs 5 Forward 
   Center                   Left Wing                Right Wing               Time % Phy DF OF 
 1 Ethen Frank              Philip Tomasino          Luke Evangelista         25     1   2  2  
 2 Brendan Brisson          Valtteri Puustinen       Joe Snively              25     1   2  2  
 3 Joshua Dunne             Mackenzie MacEachern     Adam Klapka              25     1   2  2  
 4 Jan Jenik                Grigori Denisenko        Pierrick Dube            25     1   2  2  

5 vs 5 Defense 
   Defense                  Defense                                           Time % Phy DF OF 
 1 Calle Rosen              Markus Niemelainen                                25     1   2  2  
 2 Casey Fitzgerald         Gabriel Carlsson                                  25     1   2  2  
 3 Jeremie Poirier          Dennis Gilbert                                    25     1   2  2  
 4 Calle Rosen              Markus Niemelainen                                25     1   2  2  

PowerPlay Forward 
   Center                   Left Wing                Right Wing               Time % Phy DF OF 
 1 Ethen Frank              Philip Tomasino          Luke Evangelista         60     1   2  2  
 2 Brendan Brisson          Valtteri Puustinen       Joe Snively              40     1   2  2  

PowerPlay Defense
   Defense                  Defense                                           Time % Phy DF OF 
 1 Calle Rosen              Markus Niemelainen                                60     1   2  2  
 2 Casey Fitzgerald         Gabriel Carlsson                                  40     1   2  2  

Penalty Kill 4 Players Forward 
   Center                   Wing                     Time % Phy DF OF 
 1 Luke Evangelista         Philip Tomasino          60     1   2  2  
 2 Mackenzie MacEachern     Valtteri Puustinen       40     1   2  2  

Penalty Kill 4 Players Defense
   Defense                  Defense                  Time % Phy DF OF 
 1 Calle Rosen              Markus Niemelainen       60     1   2  2  
 2 Casey Fitzgerald         Gabriel Carlsson         40     1   2  2  

Penalty Kill - 3 Players Forward 
   Forward                                           Time % Phy DF OF 
 1 Luke Evangelista                                  60     1   2  2  
 2 Philip Tomasino                                   40     1   2  2  

Penalty Kill - 3 Players Defense
   Defense                  Defense                  Time % Phy DF OF 
 1 Calle Rosen              Markus Niemelainen       60     1   2  2  
 2 Casey Fitzgerald         Gabriel Carlsson         40     1   2  2  

4 vs 4 Forward 
   Center                   Wing                     Time % Phy DF OF 
 1 Luke Evangelista         Philip Tomasino          60     1   2  2  
 2 Mackenzie MacEachern     Valtteri Puustinen       40     1   2  2  

4 vs 4 Defense
   Defense                  Defense                  Time % Phy DF OF 
 1 Calle Rosen              Markus Niemelainen       60     1   2  2  
 2 Casey Fitzgerald         Gabriel Carlsson         40     1   2  2  

Last Minutes Offensive
   Center                   Left Wing                Right Wing               Defense                  Defense                  
   Ethen Frank              Philip Tomasino          Luke Evangelista         Calle Rosen              Markus Niemelainen       

Last Minutes Defensive
   Center                   Left Wing                Right Wing               Defense                  Defense                  
   Ethen Frank              Philip Tomasino          Luke Evangelista         Calle Rosen              Markus Niemelainen       

Goaltenders
Starting : Isaac Poulter            
Backup : Farm Goalie 7            

Extra Forwards
Normal : Joe Snively, Jan Jenik, Grigori Denisenko - PP : Joe Snively, Jan Jenik - PK : Grigori Denisenko
Extra Defensemen
Normal : Jeremie Poirier, Dennis Gilbert, Casey Fitzgerald - PP : Jeremie Poirier - PK : Dennis Gilbert, Casey Fitzgerald
Penalty Shots
Luke Evangelista, Philip Tomasino, Mackenzie MacEachern, Valtteri Puustinen, Ethen Frank
Custom OT Lines Forwards
Luke Evangelista, Philip Tomasino, Mackenzie MacEachern, Valtteri Puustinen, Ethen Frank, Joshua Dunne, Joe Snively, Adam Klapka, Jan Jenik, Grigori Denisenko
Custom OT Lines Defensemen
Calle Rosen, Markus Niemelainen, Casey Fitzgerald, Gabriel Carlsson, Jeremie Poirier

Scratches
Karl Henriksson (Healthy), Spencer Foo (Healthy), James Hamblin (Healthy), Zackary Hayes (Healthy), Connor Corcoran (Healthy)
Brian Halonen (Healthy), Henry Bowlby (Healthy), Carson Meyer (Healthy), Taylor Ward (Healthy), Grant Hutton (Healthy)
Josh Maniscalco (Healthy), Garrett Pilon (Healthy), Nate Sucese (Healthy), Nick Swaney (Healthy), Egor Afanasyev (Healthy)
Mason Primeau (Healthy)

% Time on Ice - Crunch

Lines # - Real PCT - Wanted PCT - Time Play
Normal Forward
1 - 24% - 25% - 9:36
2 - 25% - 25% - 10:06
3 - 26% - 25% - 10:23
4 - 25% - 25% - 10:01
Normal Defense
1 - 20% - 25% - 8:09
2 - 30% - 25% - 12:06
3 - 33% - 25% - 13:06
4 - 17% - 25% - 6:45
PP Forward
1 - 47% - 60% - 4:41
2 - 53% - 40% - 5:18
PP Defense
1 - 58% - 60% - 5:46
2 - 42% - 40% - 4:13
PK Forward
1 - 65% - 60% - 6:24
2 - 35% - 40% - 3:31
PK Defense
1 - 62% - 60% - 6:06
2 - 38% - 40% - 3:49
PK3 Forward
1 - 0% - 60%
2 - 0% - 40%
PK3 Defense
1 - 0% - 60%
2 - 0% - 40%
44 Forward
1 - 0% - 60%
2 - 0% - 40%
44 Defense
1 - 0% - 60%
2 - 0% - 40%
Last Minute Offensive  - 0:00
Last Minute Defensive  - 0:00
Total
Forward - 60:00
Defense - 60:00

% Time on Ice - IceHogs

Lines # - Real PCT - Wanted PCT - Time Play
Normal Forward
1 - 24% - 25% - 9:35
2 - 25% - 25% - 10:07
3 - 25% - 25% - 10:08
4 - 26% - 25% - 10:16
Normal Defense
1 - 16% - 25% - 6:24
2 - 30% - 25% - 12:03
3 - 37% - 25% - 14:51
4 - 17% - 25% - 6:48
PP Forward
1 - 45% - 60% - 4:27
2 - 55% - 40% - 5:28
PP Defense
1 - 56% - 60% - 5:32
2 - 44% - 40% - 4:23
PK Forward
1 - 63% - 60% - 6:17
2 - 37% - 40% - 3:42
PK Defense
1 - 58% - 60% - 5:46
2 - 42% - 40% - 4:13
PK3 Forward
1 - 0% - 60%
2 - 0% - 40%
PK3 Defense
1 - 0% - 60%
2 - 0% - 40%
44 Forward
1 - 0% - 60%
2 - 0% - 40%
44 Defense
1 - 0% - 60%
2 - 0% - 40%
Last Minute Offensive  - 0:00
Last Minute Defensive  - 0:00
Total
Forward - 60:00
Defense - 60:00

Play-by-Play

1st period


0:01 of 1st period - Lias Andersson wins face-off versus Ethen Frank in neutral zone.
0:12 of 1st period - Shot by Philip Tomasino.
0:12 of 1st period - Shot Misses the Net.
0:30 of 1st period - Shot by Noah Juulsen.
0:30 of 1st period - Shot Misses the Net.
1:39 of 1st period - Shot by Mackenzie MacEachern.
1:39 of 1st period - Shot Blocked by Declan Carlile.
1:54 of 1st period - Minor Penalty to Adam Klapka for Slashing.
1:55 of 1st period - Kiefer Sherwood wins face-off versus Luke Evangelista in IceHogs zone.
3:56 of 1st period - Shot by Egor Sokolov.
3:56 of 1st period - Stopped by Isaac Poulter without a rebound.
3:57 of 1st period - Cooper Marody wins face-off versus Jan Jenik in IceHogs zone.
3:57 of 1st period - Lias Andersson is hit by Dennis Gilbert.
4:07 of 1st period - Shot by Cooper Marody.
4:07 of 1st period - Shot Misses the Net.
4:09 of 1st period - Shot by Max Jones.
4:09 of 1st period - Stopped by Isaac Poulter with a rebound.
4:11 of 1st period - Shot by Cooper Marody.
4:11 of 1st period - Stopped by Isaac Poulter with a rebound.
4:36 of 1st period - Minor Penalty to Max Jones for Roughing.
4:37 of 1st period - Brendan Brisson wins face-off versus Kiefer Sherwood in Crunch zone.
4:38 of 1st period - Shot by Valtteri Puustinen.
4:38 of 1st period - Shot Hit the Post.
5:02 of 1st period - Shot by Brendan Brisson.
5:02 of 1st period - Stopped by Charlie Lindgren with a rebound.
5:39 of 1st period - Shot by Calle Rosen.
5:39 of 1st period - Shot Hit the Post.
5:53 of 1st period - Shot by Luke Evangelista.
5:53 of 1st period - Shot Misses the Net.
7:00 of 1st period - Off-side.
7:01 of 1st period - Jan Jenik wins face-off versus Filip Hallander in neutral zone.
7:01 of 1st period - Jan Jenik is hit by Martin Frk.
7:12 of 1st period - Icing by Cole Clayton.
7:13 of 1st period - Joshua Dunne wins face-off versus Filip Hallander in Crunch zone.
7:14 of 1st period - Shot by Adam Klapka.
7:14 of 1st period - Shot Misses the Net.
7:16 of 1st period - Shot by Jeremie Poirier.
7:16 of 1st period - Shot Misses the Net.
7:18 of 1st period - Shot by Mackenzie MacEachern.
7:18 of 1st period - Shot Misses the Net.
7:26 of 1st period - Shot by Mackenzie MacEachern.
7:26 of 1st period - Stopped by Charlie Lindgren without a rebound.
7:27 of 1st period - Jan Jenik wins face-off versus Egor Sokolov in Crunch zone.
8:23 of 1st period - Shot by Zachary Sanford.
8:23 of 1st period - Stopped by Isaac Poulter without a rebound.
8:24 of 1st period - Ethen Frank wins face-off versus Cooper Marody in IceHogs zone.
8:24 of 1st period - Ethen Frank is hit by Max Jones.
8:50 of 1st period - Shot by Andreas Johnsson.
8:50 of 1st period - Stopped by Isaac Poulter with a rebound.
8:52 of 1st period - Shot by Declan Carlile.
8:52 of 1st period - Shot Misses the Net.
8:54 of 1st period - Shot by Max Jones.
8:54 of 1st period - Shot Misses the Net.
8:56 of 1st period - Shot by Andreas Johnsson.
8:56 of 1st period - Shot Misses the Net.
8:58 of 1st period - Shot by Max Jones.
8:58 of 1st period - Shot Misses the Net.
9:28 of 1st period - Shot by Lias Andersson.
9:28 of 1st period - Goal by Lias Andersson - Crunch : 1 - IceHogs : 0.
9:29 of 1st period - Elliot Desnoyers wins face-off versus Joshua Dunne in neutral zone.
9:43 of 1st period - Joshua Dunne is hit by Noah Juulsen and loses puck.
9:53 of 1st period - Shot by Adam Klapka.
9:53 of 1st period - Shot Misses the Net.
9:55 of 1st period - Shot by Joshua Dunne.
9:55 of 1st period - Stopped by Charlie Lindgren without a rebound.
9:56 of 1st period - Brendan Brisson wins face-off versus Filip Hallander in Crunch zone.
10:00 of 1st period - Icing by Jesse Ylonen.
10:01 of 1st period - Brendan Brisson wins face-off versus Filip Hallander in Crunch zone.
10:01 of 1st period - Brendan Brisson is hit by Mikko Kokkonen.
10:10 of 1st period - Icing by Mikko Kokkonen.
10:11 of 1st period - Filip Hallander wins face-off versus Adam Klapka in Crunch zone.
10:22 of 1st period - Jeremie Poirier is hit by Martin Frk and loses puck.
10:40 of 1st period - Mikko Kokkonen is hit by Dennis Gilbert.
11:01 of 1st period - Simon Holmstrom is hit by Dennis Gilbert and loses puck.
11:04 of 1st period - Shot by Elliot Desnoyers.
11:04 of 1st period - Shot Blocked by Joshua Dunne.
11:06 of 1st period - Shot by Noah Juulsen.
11:06 of 1st period - Shot Misses the Net.
11:26 of 1st period - Joshua Dunne is hit by Noah Juulsen.
11:27 of 1st period - Icing by Joshua Dunne.
11:28 of 1st period - Lias Andersson wins face-off versus Joshua Dunne in IceHogs zone.
11:29 of 1st period - Shot by Zachary Sanford.
11:29 of 1st period - Shot Blocked by Jeremie Poirier.
11:32 of 1st period - Icing by Jeremie Poirier.
11:33 of 1st period - Joshua Dunne wins face-off versus Lias Andersson in IceHogs zone.
11:33 of 1st period - Joshua Dunne is hit by Kiefer Sherwood.
11:59 of 1st period - Shot by Kiefer Sherwood.
11:59 of 1st period - Stopped by Isaac Poulter without a rebound.
12:00 of 1st period - Ethen Frank wins face-off versus Cooper Marody in IceHogs zone.
12:18 of 1st period - Icing by Casey Fitzgerald.
12:19 of 1st period - Egor Sokolov wins face-off versus Ethen Frank in IceHogs zone.
12:22 of 1st period - Shot by Simon Holmstrom.
12:22 of 1st period - Shot Hit the Post.
13:20 of 1st period - Shot by Max Jones.
13:20 of 1st period - Shot Blocked by Markus Niemelainen.
13:27 of 1st period - Minor Penalty to Mikko Kokkonen for Tripping.
13:28 of 1st period - Kiefer Sherwood wins face-off versus Brendan Brisson in Crunch zone.
13:51 of 1st period - Shot by Joe Snively.
13:51 of 1st period - Stopped by Charlie Lindgren without a rebound.
13:52 of 1st period - Ethen Frank wins face-off versus Kiefer Sherwood in Crunch zone.
14:02 of 1st period - Icing by Ethen Frank.
14:03 of 1st period - Ethen Frank wins face-off versus Kiefer Sherwood in IceHogs zone.
14:10 of 1st period - Shot by Luke Evangelista.
14:10 of 1st period - Shot Blocked by Declan Carlile.
14:48 of 1st period - Off-side.
14:49 of 1st period - Brendan Brisson wins face-off versus Jesse Ylonen in neutral zone.
15:02 of 1st period - Nick Cicek is hit by Brendan Brisson and loses puck.
15:15 of 1st period - Shot by Valtteri Puustinen.
15:15 of 1st period - Stopped by Charlie Lindgren without a rebound.
15:16 of 1st period - Ethen Frank wins face-off versus Kiefer Sherwood in Crunch zone.
15:51 of 1st period - Shot by Cooper Marody.
15:51 of 1st period - Stopped by Isaac Poulter without a rebound.
15:52 of 1st period - Filip Hallander wins face-off versus Joshua Dunne in IceHogs zone.
16:11 of 1st period - Shot by Jesse Ylonen.
16:11 of 1st period - Shot Blocked by Casey Fitzgerald.
16:19 of 1st period - Shot by Mackenzie MacEachern.
16:19 of 1st period - Shot Misses the Net.
16:21 of 1st period - Shot by Adam Klapka.
16:21 of 1st period - Stopped by Charlie Lindgren with a rebound.
16:23 of 1st period - Shot by Casey Fitzgerald.
16:23 of 1st period - Stopped by Charlie Lindgren without a rebound.
16:24 of 1st period - Lias Andersson wins face-off versus Jan Jenik in Crunch zone.
16:24 of 1st period - Lias Andersson is hit by Grigori Denisenko.
16:32 of 1st period - Noah Juulsen is hit by Jan Jenik and loses puck.
16:33 of 1st period - Minor Penalty to Jan Jenik for Roughing.
16:34 of 1st period - Zachary Sanford wins face-off versus Luke Evangelista in IceHogs zone.
16:57 of 1st period - Shot by Noah Juulsen.
16:57 of 1st period - Shot Blocked by Calle Rosen.
16:59 of 1st period - Shot by Noah Juulsen.
16:59 of 1st period - Shot Misses the Net.
17:01 of 1st period - Shot by Lias Andersson.
17:01 of 1st period - Shot Misses the Net.
17:03 of 1st period - Shot by Zachary Sanford.
17:03 of 1st period - Stopped by Isaac Poulter without a rebound.
17:04 of 1st period - Filip Hallander wins face-off versus Luke Evangelista in IceHogs zone.
17:13 of 1st period - Icing by Martin Frk.
17:14 of 1st period - Filip Hallander wins face-off versus Luke Evangelista in Crunch zone.
17:21 of 1st period - Shot by Filip Hallander.
17:21 of 1st period - Stopped by Isaac Poulter without a rebound.
17:22 of 1st period - Lias Andersson wins face-off versus Luke Evangelista in IceHogs zone.
17:27 of 1st period - Shot by Lias Andersson.
17:27 of 1st period - Shot Misses the Net.
18:08 of 1st period - Off-side.
18:09 of 1st period - Filip Hallander wins face-off versus Mackenzie MacEachern in neutral zone.
18:43 of 1st period - Shot by Grigori Denisenko.
18:43 of 1st period - Goal by Grigori Denisenko - Crunch : 1 - IceHogs : 1.
18:44 of 1st period - Brendan Brisson wins face-off versus Cooper Marody in neutral zone.
18:53 of 1st period - Shot by Brendan Brisson.
18:53 of 1st period - Stopped by Charlie Lindgren with a rebound.
18:59 of 1st period - Shot by Andreas Johnsson.
18:59 of 1st period - Stopped by Isaac Poulter without a rebound.
19:00 of 1st period - Lias Andersson wins face-off versus Jan Jenik in IceHogs zone.
19:26 of 1st period - Shot by Calle Rosen.
19:26 of 1st period - Shot Blocked by Noah Juulsen.
19:32 of 1st period - Shot by Nick Cicek.
19:32 of 1st period - Shot Misses the Net.
Goals for this period are 1 for Crunch vs 1 for IceHogs.
Shots for this period are 11 for Crunch vs 9 for IceHogs.

2nd period


0:01 of 2nd period - Brendan Brisson wins face-off versus Elliot Desnoyers in neutral zone.
0:05 of 2nd period - Valtteri Puustinen is hit by Egor Sokolov and loses puck.
0:16 of 2nd period - Shot by Nick Cicek.
0:16 of 2nd period - Shot Misses the Net.
0:22 of 2nd period - Shot by Egor Sokolov.
0:22 of 2nd period - Goal by Egor Sokolov - Crunch : 2 - IceHogs : 1.
0:23 of 2nd period - Ethen Frank wins face-off versus Filip Hallander in neutral zone.
0:26 of 2nd period - Shot by Luke Evangelista.
0:26 of 2nd period - Shot Blocked by Filip Hallander.
0:35 of 2nd period - Minor Penalty to Filip Hallander for Cross-checking.
0:36 of 2nd period - Kiefer Sherwood wins face-off versus Brendan Brisson in Crunch zone.
0:36 of 2nd period - Kiefer Sherwood is hit by Brendan Brisson.
1:05 of 2nd period - Shot by Calle Rosen.
1:05 of 2nd period - Shot Blocked by Noah Juulsen.
1:07 of 2nd period - Shot by Calle Rosen.
1:07 of 2nd period - Shot Misses the Net.
1:11 of 2nd period - Shot by Joe Snively.
1:11 of 2nd period - Shot Blocked by Noah Juulsen.
2:05 of 2nd period - Shot by Valtteri Puustinen.
2:05 of 2nd period - Stopped by Charlie Lindgren without a rebound.
2:06 of 2nd period - Kiefer Sherwood wins face-off versus Brendan Brisson in Crunch zone.
2:42 of 2nd period - Icing by Dennis Gilbert.
2:43 of 2nd period - Jan Jenik wins face-off versus Max Jones in IceHogs zone.
3:02 of 2nd period - Shot by Pierrick Dube.
3:02 of 2nd period - Stopped by Charlie Lindgren without a rebound.
3:03 of 2nd period - Elliot Desnoyers wins face-off versus Ethen Frank in Crunch zone.
3:13 of 2nd period - Shot by Luke Evangelista.
3:13 of 2nd period - Shot Misses the Net.
3:15 of 2nd period - Shot by Luke Evangelista.
3:15 of 2nd period - Stopped by Charlie Lindgren without a rebound.
3:16 of 2nd period - Joshua Dunne wins face-off versus Martin Frk in Crunch zone.
3:51 of 2nd period - Shot by Martin Frk.
3:51 of 2nd period - Stopped by Isaac Poulter without a rebound.
3:52 of 2nd period - Brendan Brisson wins face-off versus Lias Andersson in IceHogs zone.
3:52 of 2nd period - Brendan Brisson is hit by Lias Andersson.
4:30 of 2nd period - Icing by Casey Fitzgerald.
4:31 of 2nd period - Brendan Brisson wins face-off versus Cooper Marody in IceHogs zone.
4:56 of 2nd period - Shot by Cooper Marody.
4:56 of 2nd period - Stopped by Isaac Poulter with a rebound.
4:58 of 2nd period - Shot by Andreas Johnsson.
4:58 of 2nd period - Stopped by Isaac Poulter without a rebound.
4:59 of 2nd period - Jan Jenik wins face-off versus Egor Sokolov in IceHogs zone.
4:59 of 2nd period - Jan Jenik is hit by Egor Sokolov.
5:13 of 2nd period - Icing by Jeremie Poirier.
5:14 of 2nd period - Martin Frk wins face-off versus Jan Jenik in IceHogs zone.
5:25 of 2nd period - Shot by Jesse Ylonen.
5:25 of 2nd period - Shot Misses the Net.
5:38 of 2nd period - Shot by Jan Jenik.
5:38 of 2nd period - Shot Misses the Net.
5:40 of 2nd period - Shot by Pierrick Dube.
5:40 of 2nd period - Shot Misses the Net.
5:42 of 2nd period - Shot by Pierrick Dube.
5:42 of 2nd period - Stopped by Charlie Lindgren without a rebound.
5:43 of 2nd period - Ethen Frank wins face-off versus Elliot Desnoyers in Crunch zone.
5:56 of 2nd period - Shot by Egor Sokolov.
5:56 of 2nd period - Stopped by Isaac Poulter with a rebound.
5:58 of 2nd period - Shot by Simon Holmstrom.
5:58 of 2nd period - Shot Hit the Post.
6:00 of 2nd period - Shot by Elliot Desnoyers.
6:00 of 2nd period - Shot Blocked by Calle Rosen.
6:02 of 2nd period - Shot by Simon Holmstrom.
6:02 of 2nd period - Stopped by Isaac Poulter without a rebound.
6:03 of 2nd period - Cooper Marody wins face-off versus Brendan Brisson in IceHogs zone.
6:05 of 2nd period - Max Jones is hit by Gabriel Carlsson and loses puck.
6:15 of 2nd period - Brendan Brisson is hit by Mikko Kokkonen and loses puck.
6:27 of 2nd period - Joe Snively is hit by Mikko Kokkonen and loses puck.
6:38 of 2nd period - Shot by Joe Snively.
6:38 of 2nd period - Stopped by Charlie Lindgren with a rebound.
6:40 of 2nd period - Shot by Joe Snively.
6:40 of 2nd period - Stopped by Charlie Lindgren without a rebound.
6:41 of 2nd period - Lias Andersson wins face-off versus Luke Evangelista in Crunch zone.
6:48 of 2nd period - Shot by Kiefer Sherwood.
6:48 of 2nd period - Stopped by Isaac Poulter without a rebound.
6:49 of 2nd period - Simon Holmstrom wins face-off versus Ethen Frank in IceHogs zone.
7:05 of 2nd period - Shot by Egor Sokolov.
7:05 of 2nd period - Stopped by Isaac Poulter with a rebound.
7:07 of 2nd period - Shot by Noah Juulsen.
7:07 of 2nd period - Stopped by Isaac Poulter with a rebound.
7:24 of 2nd period - Icing by Markus Niemelainen.
7:25 of 2nd period - Lias Andersson wins face-off versus Ethen Frank in IceHogs zone.
7:25 of 2nd period - Lias Andersson is hit by Markus Niemelainen.
7:59 of 2nd period - Shot by Kiefer Sherwood.
7:59 of 2nd period - Stopped by Isaac Poulter without a rebound.
8:00 of 2nd period - Martin Frk wins face-off versus Valtteri Puustinen in IceHogs zone.
8:28 of 2nd period - Icing by Nick Albano.
8:29 of 2nd period - Filip Hallander wins face-off versus Joshua Dunne in Crunch zone.
8:29 of 2nd period - Filip Hallander is hit by Adam Klapka.
9:01 of 2nd period - Shot by Mackenzie MacEachern.
9:01 of 2nd period - Stopped by Charlie Lindgren without a rebound.
9:02 of 2nd period - Jan Jenik wins face-off versus Max Jones in Crunch zone.
9:16 of 2nd period - Icing by Noah Juulsen.
9:17 of 2nd period - Brendan Brisson wins face-off versus Cooper Marody in Crunch zone.
9:44 of 2nd period - Shot by Cooper Marody.
9:44 of 2nd period - Stopped by Isaac Poulter without a rebound.
9:45 of 2nd period - Jan Jenik wins face-off versus Lias Andersson in IceHogs zone.
10:08 of 2nd period - Shot by Jan Jenik.
10:08 of 2nd period - Shot Misses the Net.
10:10 of 2nd period - Shot by Grigori Denisenko.
10:10 of 2nd period - Stopped by Charlie Lindgren with a rebound.
10:12 of 2nd period - Shot by Pierrick Dube.
10:12 of 2nd period - Shot Blocked by Declan Carlile.
10:14 of 2nd period - Shot by Grigori Denisenko.
10:14 of 2nd period - Stopped by Charlie Lindgren with a rebound.
10:54 of 2nd period - Shot by Joshua Dunne.
10:54 of 2nd period - Shot Blocked by Declan Carlile.
10:55 of 2nd period - Minor Penalty to Joshua Dunne for Cross-checking.
10:56 of 2nd period - Philip Tomasino wins face-off versus Filip Hallander in IceHogs zone.
11:44 of 2nd period - Icing by Egor Sokolov.
11:45 of 2nd period - Andreas Johnsson wins face-off versus Mackenzie MacEachern in Crunch zone.
11:54 of 2nd period - Shot by Simon Holmstrom.
11:54 of 2nd period - Stopped by Isaac Poulter with a rebound.
13:05 of 2nd period - Shot by Max Jones.
13:05 of 2nd period - Goal by Max Jones - Crunch : 3 - IceHogs : 1.
13:06 of 2nd period - Jan Jenik wins face-off versus Lias Andersson in neutral zone.
13:15 of 2nd period - Shot by Grigori Denisenko.
13:15 of 2nd period - Stopped by Charlie Lindgren with a rebound.
13:27 of 2nd period - Shot by Pierrick Dube.
13:27 of 2nd period - Shot Blocked by Declan Carlile.
13:36 of 2nd period - Minor Penalty to Jan Jenik for Roughing.
13:37 of 2nd period - Filip Hallander wins face-off versus Luke Evangelista in IceHogs zone.
13:40 of 2nd period - Shot by Jesse Ylonen.
13:40 of 2nd period - Goal by Jesse Ylonen - Crunch : 4 - IceHogs : 1.
13:41 of 2nd period - Elliot Desnoyers wins face-off versus Brendan Brisson in neutral zone.
13:48 of 2nd period - Shot by Calle Rosen.
13:48 of 2nd period - Stopped by Charlie Lindgren without a rebound.
13:49 of 2nd period - Martin Frk wins face-off versus Ethen Frank in Crunch zone.
14:18 of 2nd period - Shot by Martin Frk.
14:18 of 2nd period - Stopped by Isaac Poulter with a rebound.
14:48 of 2nd period - Shot by Elliot Desnoyers.
14:48 of 2nd period - Stopped by Isaac Poulter with a rebound.
14:54 of 2nd period - Shot by Elliot Desnoyers.
14:54 of 2nd period - Shot Misses the Net.
15:06 of 2nd period - Shot by Elliot Desnoyers.
15:06 of 2nd period - Shot Misses the Net.
15:08 of 2nd period - Shot by Elliot Desnoyers.
15:08 of 2nd period - Shot Misses the Net.
15:32 of 2nd period - Shot by Andreas Johnsson.
15:32 of 2nd period - Shot Misses the Net.
15:34 of 2nd period - Shot by Cole Clayton.
15:34 of 2nd period - Stopped by Isaac Poulter with a rebound.
15:36 of 2nd period - Shot by Cole Clayton.
15:36 of 2nd period - Shot Misses the Net.
15:46 of 2nd period - Shot by Cooper Marody.
15:46 of 2nd period - Shot Misses the Net.
16:33 of 2nd period - Icing by Zachary Sanford.
16:34 of 2nd period - Lias Andersson wins face-off versus Pierrick Dube in Crunch zone.
16:51 of 2nd period - Shot by Martin Frk.
16:51 of 2nd period - Shot Misses the Net.
16:53 of 2nd period - Shot by Martin Frk.
16:53 of 2nd period - Stopped by Isaac Poulter without a rebound.
16:54 of 2nd period - Elliot Desnoyers wins face-off versus Mackenzie MacEachern in IceHogs zone.
16:56 of 2nd period - Egor Sokolov is hit by Gabriel Carlsson and loses puck.
17:14 of 2nd period - Minor Penalty to Adam Klapka for Hooking.
17:15 of 2nd period - Filip Hallander wins face-off versus Luke Evangelista in IceHogs zone.
17:21 of 2nd period - Martin Frk is hit by Markus Niemelainen and loses puck.
18:10 of 2nd period - Shot by Kiefer Sherwood.
18:10 of 2nd period - Shot Misses the Net.
18:12 of 2nd period - Shot by Noah Juulsen.
18:12 of 2nd period - Shot Misses the Net.
18:14 of 2nd period - Shot by Noah Juulsen.
18:14 of 2nd period - Shot Misses the Net.
18:16 of 2nd period - Shot by Lias Andersson.
18:16 of 2nd period - Deflect By Zachary Sanford.
18:16 of 2nd period - Shot Misses the Net.
18:42 of 2nd period - Shot by Martin Frk.
18:42 of 2nd period - Stopped by Isaac Poulter without a rebound.
18:43 of 2nd period - Lias Andersson wins face-off versus Luke Evangelista in IceHogs zone.
18:43 of 2nd period - Kiefer Sherwood is hit by Gabriel Carlsson and loses puck.
19:02 of 2nd period - Shot by Kiefer Sherwood.
19:02 of 2nd period - Deflect By Lias Andersson.
19:02 of 2nd period - Shot Misses the Net.
19:07 of 2nd period - Kiefer Sherwood is hit by Gabriel Carlsson and loses puck.
19:12 of 2nd period - Shot by Kiefer Sherwood.
19:12 of 2nd period - Deflect By Lias Andersson.
19:12 of 2nd period - Stopped by Isaac Poulter with a rebound.
19:14 of 2nd period - Shot by Declan Carlile.
19:14 of 2nd period - Deflect By Egor Sokolov.
19:14 of 2nd period - Shot Misses the Net.
19:26 of 2nd period - Shot by Grigori Denisenko.
19:26 of 2nd period - Shot Misses the Net.
19:28 of 2nd period - Shot by Jan Jenik.
19:28 of 2nd period - Stopped by Charlie Lindgren without a rebound.
19:29 of 2nd period - Brendan Brisson wins face-off versus Cooper Marody in Crunch zone.
19:51 of 2nd period - Shot by Andreas Johnsson.
19:51 of 2nd period - Stopped by Isaac Poulter without a rebound.
19:52 of 2nd period - Filip Hallander wins face-off versus Mackenzie MacEachern in IceHogs zone.
19:52 of 2nd period - Martin Frk is hit by Dennis Gilbert and loses puck.
Goals for this period are 3 for Crunch vs 0 for IceHogs.
Shots for this period are 21 for Crunch vs 12 for IceHogs.

3rd period


0:01 of 3rd period - Egor Sokolov wins face-off versus Joshua Dunne in neutral zone.
1:07 of 3rd period - Jesse Ylonen is hit by Gabriel Carlsson and loses puck.
1:54 of 3rd period - Shot by Luke Evangelista.
1:54 of 3rd period - Stopped by Charlie Lindgren without a rebound.
1:55 of 3rd period - Lias Andersson wins face-off versus Jan Jenik in Crunch zone.
2:28 of 3rd period - Shot by Zachary Sanford.
2:28 of 3rd period - Stopped by Isaac Poulter without a rebound.
2:29 of 3rd period - Ethen Frank wins face-off versus Elliot Desnoyers in IceHogs zone.
2:29 of 3rd period - Philip Tomasino is hit by Egor Sokolov.
2:36 of 3rd period - Philip Tomasino is hit by Cole Clayton and loses puck.
2:48 of 3rd period - Luke Evangelista is hit by Cole Clayton and loses puck.
3:02 of 3rd period - Ethen Frank is hit by Cole Clayton and loses puck.
3:12 of 3rd period - Egor Sokolov is hit by Adam Klapka and loses puck.
3:24 of 3rd period - Joshua Dunne is hit by Declan Carlile and loses puck.
3:26 of 3rd period - Minor Penalty to Declan Carlile for Tripping.
3:27 of 3rd period - Kiefer Sherwood wins face-off versus Brendan Brisson in Crunch zone.
3:42 of 3rd period - Shot by Valtteri Puustinen.
3:42 of 3rd period - Stopped by Charlie Lindgren with a rebound.
5:33 of 3rd period - Shot by Jan Jenik.
5:33 of 3rd period - Shot Blocked by Cooper Marody.
6:17 of 3rd period - Minor Penalty to Elliot Desnoyers for Holding.
6:18 of 3rd period - Kiefer Sherwood wins face-off versus Ethen Frank in Crunch zone.
7:04 of 3rd period - Shot by Joe Snively.
7:04 of 3rd period - Shot Misses the Net.
7:24 of 3rd period - Jesse Ylonen is hit by Brendan Brisson and loses puck.
8:23 of 3rd period - Shot by Egor Sokolov.
8:23 of 3rd period - Stopped by Isaac Poulter with a rebound.
9:11 of 3rd period - Icing by Noah Juulsen.
9:12 of 3rd period - Cooper Marody wins face-off versus Brendan Brisson in Crunch zone.
9:12 of 3rd period - Cooper Marody is hit by Brendan Brisson.
9:20 of 3rd period - Shot by Max Jones.
9:20 of 3rd period - Stopped by Isaac Poulter without a rebound.
9:21 of 3rd period - Brendan Brisson wins face-off versus Filip Hallander in IceHogs zone.
9:36 of 3rd period - Shot by Jesse Ylonen.
9:36 of 3rd period - Stopped by Isaac Poulter with a rebound.
9:38 of 3rd period - Shot by Filip Hallander.
9:38 of 3rd period - Shot Misses the Net.
9:55 of 3rd period - Off-side.
9:56 of 3rd period - Joshua Dunne wins face-off versus Zachary Sanford in neutral zone.
10:07 of 3rd period - Shot by Joshua Dunne.
10:07 of 3rd period - Stopped by Charlie Lindgren without a rebound.
10:08 of 3rd period - Ethen Frank wins face-off versus Cooper Marody in Crunch zone.
10:15 of 3rd period - Shot by Andreas Johnsson.
10:15 of 3rd period - Deflect By Cooper Marody.
10:15 of 3rd period - Shot Misses the Net.
10:37 of 3rd period - Shot by Andreas Johnsson.
10:37 of 3rd period - Shot Misses the Net.
10:39 of 3rd period - Shot by Max Jones.
10:39 of 3rd period - Shot Blocked by Jeremie Poirier.
10:41 of 3rd period - Shot by Nick Cicek.
10:41 of 3rd period - Shot Misses the Net.
10:43 of 3rd period - Shot by Max Jones.
10:43 of 3rd period - Shot Blocked by Luke Evangelista.
11:21 of 3rd period - Shot by Lias Andersson.
11:21 of 3rd period - Stopped by Isaac Poulter without a rebound.
11:22 of 3rd period - Brendan Brisson wins face-off versus Filip Hallander in IceHogs zone.
11:51 of 3rd period - Jesse Ylonen is hit by Markus Niemelainen and loses puck.
12:44 of 3rd period - Shot by Simon Holmstrom.
12:44 of 3rd period - Stopped by Isaac Poulter without a rebound.
12:45 of 3rd period - Jan Jenik wins face-off versus Lias Andersson in IceHogs zone.
12:54 of 3rd period - Kiefer Sherwood is hit by Calle Rosen and loses puck.
12:57 of 3rd period - Shot by Zachary Sanford.
12:57 of 3rd period - Stopped by Isaac Poulter without a rebound.
12:58 of 3rd period - Cooper Marody wins face-off versus Jan Jenik in IceHogs zone.
13:03 of 3rd period - Shot by Andreas Johnsson.
13:03 of 3rd period - Deflect By Max Jones.
13:03 of 3rd period - Stopped by Isaac Poulter without a rebound.
13:04 of 3rd period - Ethen Frank wins face-off versus Lias Andersson in IceHogs zone.
13:14 of 3rd period - Zachary Sanford is hit by Casey Fitzgerald and loses puck.
13:25 of 3rd period - Shot by Philip Tomasino.
13:25 of 3rd period - Stopped by Charlie Lindgren with a rebound.
13:27 of 3rd period - Shot by Philip Tomasino.
13:27 of 3rd period - Stopped by Charlie Lindgren with a rebound.
13:29 of 3rd period - Shot by Gabriel Carlsson.
13:29 of 3rd period - Shot Blocked by Mikko Kokkonen.
13:31 of 3rd period - Shot by Gabriel Carlsson.
13:31 of 3rd period - Stopped by Charlie Lindgren without a rebound.
13:32 of 3rd period - Filip Hallander wins face-off versus Joshua Dunne in Crunch zone.
13:32 of 3rd period - Filip Hallander is hit by Adam Klapka.
13:42 of 3rd period - Shot by Filip Hallander.
13:42 of 3rd period - Stopped by Isaac Poulter without a rebound.
13:43 of 3rd period - Cooper Marody wins face-off versus Brendan Brisson in IceHogs zone.
13:48 of 3rd period - Shot by Max Jones.
13:48 of 3rd period - Deflect By Andreas Johnsson.
13:48 of 3rd period - Shot Blocked by Brendan Brisson.
13:50 of 3rd period - Shot by Cole Clayton.
13:50 of 3rd period - Goal by Cole Clayton - Crunch : 5 - IceHogs : 1.
13:51 of 3rd period - Filip Hallander wins face-off versus Joshua Dunne in neutral zone.
13:56 of 3rd period - Shot by Martin Frk.
13:56 of 3rd period - Stopped by Isaac Poulter with a rebound.
14:04 of 3rd period - Nick Cicek is hit by Adam Klapka and loses puck.
14:42 of 3rd period - Shot by Brendan Brisson.
14:42 of 3rd period - Deflect By Valtteri Puustinen.
14:42 of 3rd period - Shot Misses the Net.
15:04 of 3rd period - Shot by Joe Snively.
15:04 of 3rd period - Shot Misses the Net.
15:38 of 3rd period - Shot by Luke Evangelista.
15:38 of 3rd period - Goal by Luke Evangelista - Crunch : 5 - IceHogs : 2.
15:39 of 3rd period - Jan Jenik wins face-off versus Cooper Marody in neutral zone.
15:41 of 3rd period - Grigori Denisenko is hit by Nick Albano and loses puck.
15:50 of 3rd period - Shot by Max Jones.
15:50 of 3rd period - Stopped by Isaac Poulter without a rebound.
15:51 of 3rd period - Lias Andersson wins face-off versus Ethen Frank in IceHogs zone.
16:06 of 3rd period - Shot by Zachary Sanford.
16:06 of 3rd period - Stopped by Isaac Poulter without a rebound.
16:07 of 3rd period - Cooper Marody wins face-off versus Adam Klapka in IceHogs zone.
16:07 of 3rd period - Andreas Johnsson is hit by Dennis Gilbert and loses puck.
16:52 of 3rd period - Minor Penalty to Adam Klapka for Holding.
16:53 of 3rd period - Lias Andersson wins face-off versus Luke Evangelista in IceHogs zone.
17:02 of 3rd period - Shot by Declan Carlile.
17:02 of 3rd period - Stopped by Isaac Poulter with a rebound.
17:04 of 3rd period - Shot by Kiefer Sherwood.
17:04 of 3rd period - Shot Misses the Net.
18:15 of 3rd period - Shot by Zachary Sanford.
18:15 of 3rd period - Stopped by Isaac Poulter with a rebound.
18:17 of 3rd period - Shot by Cole Clayton.
18:17 of 3rd period - Stopped by Isaac Poulter with a rebound.
18:19 of 3rd period - Shot by Declan Carlile.
18:19 of 3rd period - Stopped by Isaac Poulter with a rebound.
18:21 of 3rd period - Shot by Kiefer Sherwood.
18:21 of 3rd period - Stopped by Isaac Poulter without a rebound.
18:22 of 3rd period - Filip Hallander wins face-off versus Philip Tomasino in IceHogs zone.
18:58 of 3rd period - Egor Sokolov is hit by Dennis Gilbert and loses puck.
19:12 of 3rd period - Egor Sokolov is hit by Dennis Gilbert and loses puck.
19:22 of 3rd period - Elliot Desnoyers is hit by Dennis Gilbert and loses puck.
19:40 of 3rd period - Off-side.
19:41 of 3rd period - Lias Andersson wins face-off versus Brendan Brisson in neutral zone.
19:46 of 3rd period - Shot by Lias Andersson.
19:46 of 3rd period - Deflect By Kiefer Sherwood.
19:46 of 3rd period - Shot Misses the Net.
19:48 of 3rd period - Shot by Kiefer Sherwood.
19:48 of 3rd period - Stopped by Isaac Poulter without a rebound.
19:49 of 3rd period - Joe Snively wins face-off versus Cooper Marody in IceHogs zone.
19:49 of 3rd period - Valtteri Puustinen is hit by Max Jones and loses puck.
19:55 of 3rd period - Casey Fitzgerald is hit by Declan Carlile and loses puck.
Goals for this period are 1 for Crunch vs 1 for IceHogs.
Shots for this period are 19 for Crunch vs 7 for IceHogs.